[ AOE2 MATCH · #505486765 ]
UnrankedPortuguese vs Celts
Player's team · WIN
Rival team · LOSS
[ REPLAY ANALYSIS · EXTRACTED FROM THE RECORDED GAME ]
Feudal
12:28
Castle
16:04
Imperial
29:49
| APM avg | 28.3 |
| APM peak | 85 |
| eAPM avg | 22.3 |
| Villagers / military | 540 / 1988 |
Focus
⚔️ 42.5% · 🌾 57.5%
Spearman ×1359 · Scout Cavalry ×183 · Organ Gun ×172 · Hand Cannoneer ×105 · Knight ×74 · Skirmisher ×62
Feudal
11:28
Castle
15:02
Imperial
28:55
| APM avg | 31.0 |
| APM peak | 84 |
| eAPM avg | 22.1 |
| Villagers / military | 350 / 2071 |
Focus
⚔️ 34.3% · 🌾 65.7%
Scout Cavalry ×1314 · Militia ×631 · Woad Raider ×65 · Battering Ram ×29 · Mangonel ×26 · Monk ×6
Match map
Initial resources + every placement click. Lines = walls · curves = elevation contours. ◆ gold · ⬟ stone · ● berries · ✦ relic · ◌ wall gap
Your base· ✓ Closed at 16:04 · 22t walls · no gate
Xanmax's base· ✓ Closed at 15:02 · 9t walls · no gate
Smoothed initial terrain · ◌ = detected wall gap · hover for details
Inputs per minute
— 習近平 - - Xanmax
Build order — 習近平
First 150 of 1417 actions detected
| 0:01 | Queue | Villager (Male) ×4 |
| 0:01 | Queue | Villager (Male) ×4 |
| 0:02 | Build | House |
| 0:04 | Build | House |
| 0:39 | Research | Loom |
| 0:39 | Queue | Villager (Male) |
| 0:40 | Queue | Villager (Male) |
| 0:40 | Queue | Villager (Male) |
| 1:56 | Queue | Villager (Male) |
| 1:56 | Queue | Villager (Male) |
| 2:23 | Build | Palisade Wall |
| 2:33 | Queue | Villager (Male) |
| 2:34 | Queue | Villager (Male) |
| 2:44 | Build | Lumber Camp |
| 3:00 | Build | Lumber Camp |
| 3:04 | Queue | Villager (Male) |
| 3:29 | Queue | Villager (Male) |
| 3:30 | Queue | Villager (Male) |
| 3:52 | Queue | Villager (Male) |
| 3:52 | Queue | Villager (Male) |
| 4:20 | Queue | Villager (Male) |
| 4:42 | Build | House |
| 4:50 | Queue | Villager (Male) |
| 4:50 | Queue | Villager (Male) |
| 5:11 | Build | Palisade Wall |
| 5:18 | Queue | Villager (Male) |
| 5:18 | Queue | Villager (Male) |
| 5:18 | Queue | Villager (Male) |
| 5:41 | Queue | Villager (Male) |
| 5:41 | Queue | Villager (Male) |
| 5:41 | Queue | Villager (Male) |
| 5:42 | Queue | Villager (Male) |
| 6:26 | Queue | Villager (Male) |
| 6:26 | Queue | Villager (Male) |
| 6:26 | Queue | Villager (Male) |
| 6:26 | Queue | Villager (Male) |
| 6:27 | Queue | Villager (Male) |
| 6:40 | Build | House |
| 7:13 | Queue | Villager (Male) |
| 7:13 | Queue | Villager (Male) |
| 7:14 | Queue | Villager (Male) |
| 7:14 | Queue | Villager (Male) |
| 7:14 | Queue | Villager (Male) |
| 7:22 | Build | Mill |
| 7:57 | Queue | Villager (Male) |
| 7:57 | Queue | Villager (Male) |
| 7:57 | Queue | Villager (Male) |
| 7:58 | Queue | Villager (Male) |
| 7:58 | Queue | Villager (Male) |
| 7:58 | Queue | Villager (Male) |
| 8:28 | Queue | Villager (Male) |
| 8:28 | Queue | Villager (Male) |
| 8:38 | Queue | Villager (Male) |
| 8:38 | Queue | Villager (Male) |
| 10:04 | Research | Feudal Age |
| 10:11 | Build | Mining Camp |
| 10:45 | Build | House |
| 11:55 | Queue | Villager (Male) |
| 12:28 | Age | Feudal Age |
| 12:30 | Build | Blacksmith |
| 12:33 | Build | Market |
| 12:36 | Research | Double-Bit Axe |
| 12:42 | Build | Stone Wall |
| 12:50 | Build | Outpost |
| 12:57 | Queue | Villager (Male) |
| 13:24 | Research | Castle Age |
| 13:26 | Research | Horse Collar |
| 13:40 | Build | Lumber Camp |
| 13:57 | Build | Stone Wall |
| 14:25 | Build | Stone Wall |
| 14:28 | Build | Stone Wall |
| 14:38 | Build | Stone Wall |
| 15:08 | Queue | Villager (Male) |
| 15:08 | Queue | Villager (Male) |
| 15:33 | Queue | Villager (Male) |
| 15:50 | Build | Farm |
| 15:51 | Build | Farm |
| 15:52 | Build | Farm |
| 15:55 | Build | Farm |
| 15:56 | Build | Farm |
| 15:57 | Build | Farm |
| 16:04 | Age | Castle Age |
| 16:07 | Build | Town Center |
| 16:09 | Queue | Villager (Male) |
| 16:31 | Queue | Villager (Male) |
| 16:57 | Queue | Villager (Male) |
| 17:07 | Research | Bow Saw |
| 17:17 | Build | Farm |
| 17:22 | Build | Farm |
| 17:25 | Research | Wheelbarrow |
| 17:31 | Build | House |
| 17:32 | Build | House |
| 17:37 | Build | House |
| 17:38 | Build | House |
| 17:38 | Build | House |
| 17:39 | Build | House |
| 17:43 | Build | Farm |
| 17:43 | Build | Farm |
| 17:45 | Queue | Villager (Male) |
| 17:46 | Queue | Villager (Male) |
| 18:00 | Queue | Villager (Male) |
| 18:15 | Queue | Villager (Male) |
| 18:16 | Queue | Villager (Male) |
| 18:17 | Queue | Villager (Male) |
| 18:21 | Build | Farm |
| 18:23 | Build | Farm |
| 18:25 | Build | Farm |
| 18:28 | Build | Farm |
| 18:31 | Build | Farm |
| 18:37 | Queue | Villager (Male) |
| 18:52 | Research | Heavy Plow |
| 18:56 | Queue | Villager (Male) |
| 19:14 | Queue | Villager (Male) |
| 19:21 | Build | Farm |
| 19:23 | Queue | Villager (Male) |
| 19:23 | Queue | Villager (Male) |
| 19:38 | Build | Town Center |
| 19:43 | Queue | Villager (Male) |
| 19:45 | Queue | Villager (Male) |
| 19:49 | Build | Farm |
| 19:51 | Build | Farm |
| 19:54 | Queue | Villager (Male) |
| 20:03 | Build | Farm |
| 20:05 | Build | Farm |
| 20:06 | Queue | Villager (Male) |
| 20:19 | Queue | Villager (Male) |
| 20:23 | Queue | Villager (Male) |
| 20:27 | Build | Farm |
| 20:33 | Queue | Villager (Male) |
| 20:40 | Queue | Villager (Male) |
| 20:43 | Queue | Villager (Male) |
| 20:50 | Build | Farm |
| 20:54 | Queue | Villager (Male) |
| 20:57 | Build | Farm |
| 21:10 | Research | Hand Cart |
| 21:20 | Queue | Villager (Male) |
| 21:21 | Queue | Villager (Male) |
| 21:25 | Build | Farm |
| 21:28 | Build | Farm |
| 21:33 | Queue | Villager (Male) |
| 21:40 | Queue | Villager (Male) |
| 21:47 | Queue | Villager (Male) |
| 21:59 | Build | Monastery |
| 22:03 | Build | House |
| 22:03 | Build | House |
| 22:04 | Build | House |
| 22:05 | Build | House |
| 22:08 | Queue | Villager (Male) |
| 22:09 | Queue | Villager (Male) |
| 22:10 | Queue | Villager (Male) |
Build order — Xanmax
First 150 of 1288 actions detected
| 0:00 | Queue | Villager (Male) |
| 0:00 | Queue | Villager (Male) |
| 0:02 | Build | House |
| 0:05 | Build | House |
| 0:08 | Queue | Villager (Male) |
| 0:09 | Queue | Villager (Male) |
| 0:23 | Research | Loom |
| 0:24 | Queue | Villager (Male) |
| 0:24 | Queue | Villager (Male) |
| 0:25 | Queue | Villager (Male) |
| 0:25 | Queue | Villager (Male) |
| 1:14 | Build | Palisade Wall |
| 2:07 | Queue | Villager (Male) |
| 2:36 | Queue | Villager (Male) |
| 2:58 | Queue | Villager (Male) |
| 2:58 | Queue | Villager (Male) |
| 3:06 | Build | Lumber Camp |
| 3:27 | Queue | Villager (Male) |
| 3:53 | Queue | Villager (Male) |
| 4:07 | Queue | Villager (Male) |
| 4:28 | Queue | Villager (Male) |
| 4:49 | Build | House |
| 5:06 | Queue | Villager (Male) |
| 5:06 | Queue | Villager (Male) |
| 5:06 | Queue | Villager (Male) |
| 5:21 | Queue | Villager (Male) |
| 5:22 | Queue | Villager (Male) |
| 6:15 | Build | Mill |
| 6:15 | Queue | Villager (Male) |
| 6:38 | Queue | Villager (Male) |
| 7:05 | Queue | Villager (Male) |
| 7:17 | Build | House |
| 7:35 | Queue | Villager (Male) |
| 7:37 | Queue | Villager (Male) |
| 8:21 | Queue | Villager (Male) |
| 8:37 | Build | Mining Camp |
| 8:59 | Research | Feudal Age |
| 11:24 | Queue | Villager (Male) |
| 11:25 | Queue | Villager (Male) |
| 11:28 | Age | Feudal Age |
| 11:31 | Build | Market |
| 11:35 | Build | Blacksmith |
| 11:58 | Build | Farm |
| 12:22 | Research | Castle Age |
| 12:41 | Build | Farm |
| 12:43 | Build | Farm |
| 13:20 | Research | Double-Bit Axe |
| 13:29 | Build | Mining Camp |
| 13:48 | Build | Farm |
| 14:18 | Build | House |
| 14:49 | Build | Stone Wall |
| 14:52 | Queue | Villager (Male) |
| 14:56 | Build | House |
| 15:00 | Research | Wheelbarrow |
| 15:02 | Age | Castle Age |
| 15:04 | Queue | Villager (Male) |
| 15:25 | Build | Town Center |
| 15:46 | Queue | Villager (Male) |
| 16:05 | Queue | Villager (Male) |
| 16:19 | Queue | Villager (Male) |
| 16:19 | Queue | Villager (Male) |
| 16:56 | Queue | Villager (Male) |
| 17:04 | Queue | Villager (Male) |
| 17:24 | Build | Town Center |
| 17:27 | Queue | Villager (Male) |
| 17:34 | Build | Farm |
| 17:44 | Queue | Villager (Male) |
| 17:45 | Queue | Villager (Male) |
| 17:50 | Build | Farm |
| 17:53 | Build | Farm |
| 17:58 | Build | Farm |
| 18:06 | Build | Farm |
| 18:16 | Queue | Villager (Male) |
| 18:20 | Queue | Villager (Male) |
| 18:25 | Build | Farm |
| 18:32 | Queue | Villager (Male) |
| 18:32 | Queue | Villager (Male) |
| 18:40 | Build | Farm |
| 18:44 | Build | Farm |
| 18:45 | Queue | Villager (Male) |
| 18:47 | Queue | Villager (Male) |
| 18:56 | Queue | Villager (Male) |
| 19:11 | Build | Farm |
| 19:15 | Build | Farm |
| 19:16 | Queue | Villager (Male) |
| 19:20 | Queue | Villager (Male) |
| 19:23 | Build | Farm |
| 19:28 | Build | Farm |
| 19:33 | Queue | Villager (Male) |
| 19:39 | Build | Farm |
| 19:43 | Build | Farm |
| 19:43 | Queue | Villager (Male) |
| 19:51 | Build | House |
| 19:52 | Build | House |
| 19:53 | Build | House |
| 19:55 | Research | Town Watch |
| 20:02 | Queue | Villager (Male) |
| 20:10 | Queue | Villager (Male) |
| 20:14 | Build | Farm |
| 20:18 | Queue | Villager (Male) |
| 20:24 | Research | Horse Collar |
| 20:24 | Research | Horse Collar |
| 20:35 | Build | Farm |
| 20:35 | Build | Farm |
| 20:36 | Build | Farm |
| 20:36 | Build | Farm |
| 20:43 | Queue | Villager (Male) |
| 20:45 | Build | Farm |
| 20:46 | Queue | Villager (Male) |
| 20:55 | Build | Farm |
| 21:01 | Queue | Villager (Male) |
| 21:01 | Queue | Villager (Male) |
| 21:02 | Queue | Villager (Male) |
| 21:09 | Build | House |
| 21:16 | Queue | Villager (Male) |
| 21:19 | Build | Farm |
| 21:25 | Build | Farm |
| 21:27 | Queue | Villager (Male) |
| 21:27 | Queue | Villager (Male) |
| 21:31 | Build | House |
| 21:32 | Build | House |
| 21:33 | Build | House |
| 21:34 | Queue | Villager (Male) |
| 21:41 | Build | Farm |
| 21:42 | Queue | Villager (Male) |
| 21:50 | Queue | Villager (Male) |
| 21:51 | Queue | Villager (Male) |
| 21:59 | Queue | Villager (Male) |
| 22:11 | Queue | Villager (Male) |
| 22:13 | Queue | Villager (Male) |
| 22:30 | Build | Monastery |
| 22:30 | Queue | Villager (Male) |
| 22:32 | Queue | Villager (Male) |
| 22:47 | Build | Castle |
| 22:50 | Queue | Villager (Male) |
| 22:50 | Queue | Villager (Male) |
| 22:50 | Queue | Villager (Male) |
| 23:01 | Queue | Villager (Male) |
| 23:03 | Build | House |
| 23:08 | Build | House |
| 23:09 | Build | House |
| 23:09 | Build | House |
| 23:09 | Build | House |
| 23:11 | Queue | Villager (Male) |
| 23:12 | Queue | Monk |
| 23:17 | Queue | Villager (Male) |
| 23:26 | Build | Farm |
| 23:26 | Build | Farm |
| 23:26 | Build | Farm |
| 23:27 | Build | Farm |
Match timeline
| 1:14 | Xanmax · wall_segment Palisade Wall x4 |
| 2:23 | 習近平 · wall_segment Palisade Wall x4 |
| 5:11 | 習近平 · wall_segment Palisade Wall x4 |
| 11:28 | Xanmax · age_up feudal |
| 12:28 | 習近平 · age_up feudal |
| 12:42 | 習近平 · wall_segment Stone Wall x4 |
| 13:57 | 習近平 · wall_segment Stone Wall x4 |
| 14:25 | 習近平 · wall_segment Stone Wall x1 |
| 14:28 | 習近平 · wall_segment Stone Wall x1 |
| 14:38 | 習近平 · wall_segment Stone Wall x4 |
| 14:49 | Xanmax · wall_segment Stone Wall x5 |
| 15:02 | Xanmax · age_up castle |
| 16:04 | 習近平 · age_up castle |
| 16:33 | Xanmax · first_market_buy 100 wood |
| 21:59 | 習近平 · first_building Monastery |
| 22:30 | Xanmax · first_building Monastery |
| 22:47 | Xanmax · first_building Castle |
| 23:08 | 習近平 · wall_segment Stone Wall x6 |
| 24:30 | 習近平 · wall_segment Stone Wall x7 |
| 25:41 | 習近平 · first_building Siege Workshop |
| 26:27 | Xanmax · first_building Siege Workshop |
| 27:38 | Xanmax · first_market_sell 100 food |
| 28:23 | 習近平 · first_building Castle |
| 28:55 | Xanmax · age_up imperial |
| 29:27 | 習近平 · first_building Barracks |
| 29:49 | 習近平 · age_up imperial |
| 30:29 | 習近平 · wall_segment Stone Wall x11 |
| 30:39 | 習近平 · wall_segment Stone Wall x6 |
| 31:26 | 習近平 · wall_segment Stone Wall x8 |
| 31:29 | Xanmax · first_building Barracks |
| 31:45 | 習近平 · wall_segment Stone Wall x13 |
| 31:51 | 習近平 · wall_segment Stone Wall x5 |
| 31:57 | 習近平 · wall_segment Stone Wall x9 |
| 32:02 | 習近平 · wall_segment Stone Wall x2 |
| 33:52 | 習近平 · wall_segment Stone Wall x1 |
| 33:59 | 習近平 · wall_segment Stone Wall x2 |
| 34:06 | 習近平 · wall_segment Stone Wall x7 |
| 34:12 | 習近平 · wall_segment Stone Wall x7 |
| 34:40 | 習近平 · wall_segment Stone Wall x1 |
| 36:06 | 習近平 · wall_segment Stone Wall x5 |
| 36:20 | 習近平 · first_building Stable |
| 37:52 | 習近平 · first_building Archery Range |
| 39:27 | 習近平 · wall_segment Stone Wall x5 |
| 42:10 | Xanmax · first_building Stable |
| 44:40 | 習近平 · wall_segment Stone Wall x1 |
| 48:07 | 習近平 · wall_segment Stone Wall x4 |
| 49:00 | 習近平 · wall_segment Stone Wall x3 |
| 55:02 | 習近平 · wall_segment Stone Wall x4 |
| 56:01 | 習近平 · wall_segment Stone Wall x7 |
| 56:10 | 習近平 · wall_segment Stone Wall x8 |
| 57:46 | 習近平 · wall_segment Stone Wall x3 |
| 72:37 | 習近平 · wall_segment Stone Wall x2 |
| 75:39 | 習近平 · wall_segment Stone Wall x1 |
| 77:28 | 習近平 · wall_segment Stone Wall x4 |
| 77:54 | 習近平 · wall_segment Stone Wall x1 |
| 78:02 | 習近平 · wall_segment Stone Wall x3 |
| 78:12 | 習近平 · wall_segment Stone Wall x1 |
| 80:08 | 習近平 · wall_segment Stone Wall x6 |
| 80:26 | 習近平 · wall_segment Stone Wall x3 |
| 85:13 | 習近平 · wall_segment Stone Wall x4 |
| 89:47 | 習近平 · wall_segment Stone Wall x3 |
| 90:45 | 習近平 · wall_segment Stone Wall x3 |
| 91:36 | 習近平 · wall_segment Stone Wall x6 |
| 92:23 | 習近平 · wall_segment Stone Wall x4 |
| 94:04 | 習近平 · wall_segment Stone Wall x5 |
| 94:09 | 習近平 · wall_segment Stone Wall x4 |
| 97:05 | 習近平 · wall_segment Stone Wall x2 |
| 98:28 | 習近平 · first_market_buy 100 stone |
| 100:19 | 習近平 · wall_segment Stone Wall x3 |
| 100:56 | 習近平 · wall_segment Stone Wall x1 |
| 109:11 | 習近平 · wall_segment Stone Wall x1 |
| 119:21 | 習近平 · wall_segment Stone Wall x3 |
| 119:31 | 習近平 · wall_segment Stone Wall x2 |
| 120:37 | 習近平 · wall_segment Stone Wall x1 |
| 121:01 | 習近平 · wall_segment Stone Wall x2 |
| 121:43 | 習近平 · wall_segment Stone Wall x3 |
| 141:31 | 習近平 · wall_segment Stone Wall x10 |
| 148:44 | Xanmax · resign |
[ AI ANALYSIS · 1 CREDIT ]
What really happened in this match?
Wolo.gg analyzes every decision: build order, eco, micro, common mistakes by bracket. Personalized analysis on WhatsApp or Discord in 30 seconds.
Civ guide
Portuguese
Perfil
Jugador #18356764